 Dungeon Crawl Stone Soup version 0.28.0-45-g0d030f2227 (webtiles) character file.

Game seed: 15984619262663351294

2498 pkoi the Zephyrmancer (level 9, -2/42 HPs)
             Began as a Spriggan Air Elementalist on Apr 21, 2022.
             Was a Follower of Sif Muna.
             Killed from afar by an acid dragon (22 damage)
             ... with a splash of acid
             ... on level 8 of the Dungeon.
             The game lasted 00:21:23 (13493 turns).

pkoi the Zephyrmancer (Spriggan Air Elementalist)  Turns: 13493, Time: 00:21:23

Health: -2/42      AC:  3    Str:  4    XL:     9   Next: 28%
Magic:  8/16       EV: 19    Int: 21    God:    Sif Muna [*.....]
Gold:   309        SH:  0    Dex: 18    Spells: 10/17 levels left

rFire   . . .      SeeInvis +   b - +6 shortbow "Beastbane" {venom, +Blink Will++ Dex+3}
rCold   . . .      Faith    .   (shield currently unavailable)
rNeg    + . .      Spirit   .   a - +0 robe
rPois   +          Reflect  .   (helmet restricted)
rElec   .          Harm     .   z - +0 cloak
rCorr   .          Rampage  .   (gloves unavailable)
Will    +++..                   (boots unavailable)
Stlth   +++.......              (no amulet)
HPRegen 0.14/turn               x - ring of positive energy
MPRegen 0.15/turn               q - ring of poison resistance

@: very quick
A: very small, no large weapons, unfitting armour, see invisible, speed 3
a: Renounce Religion, Evoke Blink, Channel Magic


You were on level 8 of the Dungeon.
You worshipped Sif Muna.
Sif Muna was aware of your devotion.
You visited 2 branches of the dungeon, and saw 9 of its levels.

You collected 391 gold pieces.
You spent 82 gold pieces at shops.

Inventory:

Hand Weapons
 b - the +6 shortbow "Beastbane" (weapon) {venom, +Blink Will++ Dex+3}
   (You acquired it on level 4 of the Dungeon)

   Any ammunition fired from it poisons the flesh of those it strikes.
   Dex:       It affects your dexterity (+3).
   +Blink:    It lets you blink.
   Will:      It greatly increases your willpower.
 c - a +0 club
 e - a +0 hand axe of flaming
 s - a +2 short sword of electrocution
Missiles
 f - 17 poisoned darts
 i - 36 arrows (quivered ammo)
Armour
 a - a +0 robe (worn)
 p - a scarf of harm
 z - a +0 cloak (worn)
Jewellery
 q - a ring of poison resistance (right hand)
 x - a ring of positive energy (left hand)
 C - an amulet of guardian spirit
 F - a +4 ring of protection
 I - a +4 ring of evasion
 L - a ring of positive energy
Wands
 E - a wand of mindburst (1)
 G - a wand of iceblast (21)
 J - a wand of flame (11)
Scrolls
 n - 3 scrolls of amnesia {unknown}
 t - 3 scrolls of blinking
 u - a scroll of teleportation
 v - 2 scrolls of enchant weapon {unknown}
 w - a scroll of fog
 y - 3 scrolls of identify
 A - a scroll of immolation {unknown}
 D - a scroll of summoning {unknown}
 K - 2 scrolls of fear {unknown}
Potions
 d - 2 potions of flight {unknown}
 g - 3 potions of might {unknown}
 h - 2 potions of lignification {unknown}
 j - a potion of magic {unknown}
 k - a potion of degeneration {unknown}
 l - 2 potions of haste
 m - a potion of curing {unknown}
 o - 2 potions of attraction {unknown}
 r - 2 potions of brilliance {unknown}
 B - a potion of ambrosia {unknown}
 H - a potion of mutation {unknown}
 M - a potion of berserk rage {unknown}


   Skills:
 + Level 2.2 Fighting
 + Level 5.0 Bows
 + Level 4.7 Dodging
 + Level 6.0 Stealth
 + Level 4.5 Spellcasting
 - Level 0.6 Conjurations
 + Level 9.6 Air Magic


You had 10 spell levels left.
You knew the following spells:

 Your Spells              Type           Power      Damage    Failure   Level
a - Shock                 Conj/Air       100%       1d9       1%          1
b - Static Discharge      Conj/Air       26%        N/A       2%          2
c - Airstrike             Air            22%        N/A       2%          4

Your spell library contained the following spells:

 Spells                   Type           Power      Damage    Failure   Level
 Swiftness                Air            45%        N/A       1%          3
 Pain                     Necr           16%        1d4       12%         1
 Sandblast                Erth           8%         2d5       12%         1
 Passwall                 Tmut/Erth      3%         N/A       17%         2
 Stone Arrow              Conj/Erth      10%        3d7       30%         3
 Gell's Gravitas          Tloc           4%         N/A       34%         3
 Lesser Beckoning         Tloc           4%         N/A       34%         3
 Teleport Other           Tloc           4%         N/A       34%         3
 Agony                    Necr           4%         N/A       97%         5
 Excruciating Wounds      Necr           2%         N/A       97%         5


Dungeon Overview and Level Annotations

Branches:
Dungeon (8/15)             Temple (1/1) D:4
   Lair: D:8-11

Altars:
Ashenzari
Cheibriados
Dithmenos
Elyvilon
Fedhas
Gozag
Hepliaklqana
Kikubaaqudgha
Makhleb
Nemelex Xobeh
Okawaru
Qazlal
Ru
Sif Muna
Trog
Uskayaw
Xom
Zin
The Shining One

Shops:
D:4 ?   D:5 (   D:6 ?

Annotations:
D:2 Sigmund


Innate Abilities, Weirdness & Mutations

You are very small and have problems with some larger weapons.
You are too small for most types of armour.
You have supernaturally acute eyesight. (SInv)
You cover ground extremely quickly. (Speed+++)


Message History

You see here a +0 club.
Things that are here:
a +0 club; a +0 robe You now have 309 gold pieces (gained 11).
Key pressed, stopping explore.
There is a stone staircase leading down here.
You see here 15 stones.
There is a stone staircase leading down here.
Done exploring.
Done exploring.
Done exploring.
Done exploring.
(D) Dungeon (T) Temple
Where to? (Enter - D:7, ? - help)
There is a stone staircase leading down here.
You climb downwards.
There is a stone staircase leading up here.
Unknown command.
M - an amethyst potion
Found a glowing broad axe.
An acid dragon comes into view.
You see here a +0 broad axe of distortion.
An acid dragon is nearby!
An acid dragon is nearby!
The air twists around and strikes the acid dragon!
The acid dragon roars!
The acid dragon is heavily wounded.
The acid dragon spits acid at you. The splash of acid hits you!!
Ouch! That really hurt!
* * * LOW HITPOINT WARNING * * *
Aiming: Airstrike (dangerous; 2% risk of failure)
Press: ? - help, Q - select action, (/) - cycle Dir - move target, f/p - acid dragon
Aim: an acid dragon (heavily wounded, empty space bonus: 2/8)
The air twists around and strikes the acid dragon!
The acid dragon is severely wounded.
The acid dragon spits acid at you. The splash of acid hits you!!
Ouch! That really hurt!
You die...

### ..# ##
#.# ..#.#
.#.##### ...
..# # #.#
#.#
#.#@###.#
#.....#.####
#.#........#
#D###.#.##.#
. #.#.##.#
.# #.#.##.#
.# #.#.##.#
#. #.#.##.#
#.#.##.#


You could see an acid dragon (catching breath).

Vanquished Creatures
  A centaur zombie (D:7)
  Prince Ribbit (D:5)
  A wraith (D:6)
  A steam dragon (D:6)
  A water moccasin (D:7)
  2 ogres
  A centaur (D:5)
  A kobold brigand (D:6)
  A scorpion (D:6)
  A water moccasin zombie (D:5)
  A water moccasin skeleton (D:4)
  A howler monkey (D:7)
  A jelly (D:6)
  2 hounds
  7 orc priests
  A bullfrog skeleton (D:4)
  A centaur skeleton (D:4)
  3 gnoll shamans
  Ijyb (D:5)
  Natasha (thrice) (D:2)
  An iguana (D:6)
  5 orc wizards
  A killer bee zombie (D:7)
  14 gnolls
  9 adders
  2 shadow imps
  3 white imps
  An ufetubus (D:5)
  2 adder skeletons (D:4)
  A worm (D:1)
  3 dart slugs
  16 orcs
  3 bats
  8 endoplasms
  5 giant cockroaches
  4 goblins
  7 hobgoblins
  4 jackals
  2 quokkas
  11 ball pythons
  7 frilled lizards
  8 kobolds
  3 rats
152 creatures vanquished.

Vanquished Creatures (others)
  A plant (D:5)
1 creature vanquished.

Grand Total: 153 creatures vanquished

Notes
Turn   | Place    | Note
-------+----------+-------------------------------------------
     0 | D:1      | pkoi the Spriggan Air Elementalist began the quest for the
                  | Orb.
     0 | D:1      | Reached XP level 1. HP: 9/9 MP: 5/5
   375 | D:1      | Reached skill level 3 in Air Magic
   487 | D:1      | Reached XP level 2. HP: 13/13 MP: 3/6
   877 | D:1      | Learned a level 2 spell: Static Discharge
  1241 | D:2      | Noticed Natasha
  1917 | D:2      | Reached XP level 3. HP: 16/16 MP: 2/8
  2123 | D:2      | Killed Natasha
  2124 | D:2      | Reached skill level 4 in Air Magic
  2128 | D:2      | Noticed Natasha
  2624 | D:2      | Killed Natasha
  2625 | D:2      | Reached XP level 4. HP: 21/21 MP: 2/9
  2779 | D:2      | Noticed Natasha
  3065 | D:2      | Killed Natasha
  3322 | D:2      | Reached skill level 5 in Air Magic
  3322 | D:2      | Reached XP level 5. HP: 23/24 MP: 2/10
  3573 | D:2      | Found a faded altar of an unknown god.
  3588 | D:2      | Noticed Sigmund
  3599 | D:2      | Learned a level 4 spell: Airstrike
  3669 | D:3      | Found a snail-covered altar of Cheibriados.
  3669 | D:3      | Noticed a torpor snail
  3669 | D:3      | Noticed a torpor snail
  3669 | D:3      | Noticed a torpor snail
  4689 | D:3      | Reached skill level 6 in Air Magic
  4689 | D:3      | Reached XP level 6. HP: 28/28 MP: 6/11
  4969 | D:3      | Found a broken altar of Ashenzari.
  5476 | D:4      | Identified a scroll of acquirement
  6092 | D:2      | Acquired the +6 shortbow "Beastbane" {venom, +Blink Will++
                  | Dex+3}
  6190 | D:4      | Reached skill level 1 in Bows
  6465 | D:4      | Found Viezot's Magic Scroll Shop.
  6502 | D:4      | Bought a scroll of blinking for 82 gold pieces
  7085 | D:4      | Reached XP level 7. HP: 32/32 MP: 7/12
  7101 | D:4      | Reached skill level 7 in Air Magic
  7320 | D:4      | Found a shadowy altar of Dithmenos.
  7618 | D:4      | Found a staircase to the Ecumenical Temple.
  7696 | Temple   | Entered the Ecumenical Temple
  7891 | Temple   | Became a worshipper of Sif Muna the Loreminder
  7966 | D:5      | Entered Level 5 of the Dungeon
  8468 | D:5      | Found Saesabaru's Hydra Hut.
  8469 | D:5      | Noticed a six-headed hydra
  8525 | D:5      | Found a hazy altar of Hepliaklqana.
  8734 | D:5      | Noticed Prince Ribbit
  8781 | D:5      | Killed Prince Ribbit
  8782 | D:5      | Reached skill level 8 in Air Magic
  8855 | D:5      | Noticed Ijyb
  8893 | D:5      | Killed Ijyb
  9141 | D:5      | Reached XP level 8. HP: 36/36 MP: 0/13
  9967 | D:5      | Reached skill level 9 in Air Magic
 10462 | D:6      | Reached * piety under Sif Muna
 10463 | D:6      | Reached skill level 1 in Fighting
 10816 | D:6      | Found a white marble altar of Elyvilon.
 10950 | D:6      | Reached skill level 5 in Stealth
 11220 | D:6      | Found Tupuam's Magic Scroll Shoppe.
 11315 | D:6      | Found a bloodstained altar of Trog.
 11323 | D:6      | Found a burning altar of Makhleb.
 12378 | D:7      | Reached XP level 9. HP: 42/42 MP: 2/16
 13001 | D:7      | Reached skill level 5 in Bows
 13493 | D:8      | Killed from afar by an acid dragon

Illustrated notes

Levels and vault maps discovered:
D:1:      dpeg_arrival_refuge, layout_basic
D:2:      layout_rooms, shapermc_ecumenical_altar_venn, minmay_misc_feat_tiny,
          uniq_natasha, uniq_sigmund
D:3:      layout_loops_ring, cheibriados_altar_2, lemuel_crystal_altar
D:4:      cheibrodos_pilgrimage, layout_cave_pools,
          nicolae_dithmenos_through_a_glass_darkly, minmay_temple_entry_fiery,
          serial_shops, nicolae_shop_advertising_works
          [nicolae_subvault_shop_adworks], portal_sewer_entry_c,
          minmay_crossroads
D:5:      layout_gridville, mainiacjoe_overflow_concentric_impassable,
          doesnt_shop_hydraphobe, uniq_prince_ribbit1, uniq_ijyb
D:6:      layout_basic, elyvilon_altar_3, amethyst_overflow_temple_binary,
          serial_shops, shop, nrook_campfire
D:7:      layout_cave_pods
D:8:      layout_basic, nzn_wu_jian_contemplation, mainiacjoe_overflow_catwalk
Temple:   minmay_temple_bridge_abc

Skill      XL: |  1  2  3  4  5  6  7  8  9 |
---------------+----------------------------+-----
Air Magic      | 3 4 5 6 8 9 |  9.6
Stealth        | 4 5 6 |  6.0
Bows           | 2 3 4 5 |  5.0
Dodging        | 4 |  4.7
Spellcasting   | 4 |  4.5
Fighting       | 1 2 |  2.2
Conjurations   | |  0.6

Action                   |  1- 3 |  4- 6 |  7- 9 || total
-------------------------+-------+-------+-------++-------
Melee: Club              |     5 |       |       ||     5
       Short sword       |       |    10 |       ||    10
 Fire: Shortbow          |       |    19 |    71 ||    90
 Cast: Shock             |    92 |   188 |   133 ||   413
       Airstrike         |       |       |    25 ||    25
  Use: Scroll            |     2 |     7 |       ||     9
 Stab: Sleeping          |       |     1 |       ||     1
Armor: Robe              |     2 |     1 |     1 ||     4
Dodge: Dodged            |    17 |    33 |    21 ||    71
